 Dungeon Crawl Stone Soup version 0.22-a0-525-gf69a0803ab (webtiles) character file.

2338 Azzok the Fighter (level 9, -20/68 HPs)
             Began as a Gargoyle Berserker on June 21, 2018.
             Was a High Priest of Trog.
             Killed from afar by a gargoyle (24 damage)
             ... with a stone arrow
             ... on level 7 of the Dungeon.
             The game lasted 00:15:26 (6635 turns).

Azzok the Fighter (Gargoyle Berserker)              Turns: 6635, Time: 00:15:26

Health: -20/68     AC: 18    Str: 24    XL:     9   Next: 43%
Magic:  9/9        EV:  7    Int:  8    God:    Trog [*****.]
Gold:   461        SH:  0    Dex:  9    Spells: 8/8 levels left

rFire    . . .     SeeInvis .   q - +3 quarterstaff (chaos)
rCold    . . .     Gourm    .   (shield currently unavailable)
rNeg     + . .     Faith    .   b - +0 plate armour
rPois    ∞         Spirit   .   (no helmet)
rElec    +         Reflect  .   r - +0 cloak {+Inv}
rCorr    .         Harm     .   d - -1 pair of gloves
MR       .....                  (no boots)
Stlth    ..........             (no amulet)
HPRegen  0.21/turn              (no ring)
MPRegen  0.11/turn              (no ring)

@: berserk cooldown, starving, slowed, very slow
A: negative energy resistance 1, electricity resistance, unbreathing,
petrification resistance, rot immunity, AC +6
a: Berserk, Trog's Hand, Brothers in Arms, Renounce Religion, Evoke Invisibility


You were on level 7 of the Dungeon.
You worshipped Trog.
Trog was extremely pleased with you.
You were starving.

You visited 1 branch of the dungeon, and saw 8 of its levels.
You also visited: Sewer.

You collected 461 gold pieces.

Inventory:

Hand Weapons
 a - a +0 hand axe
 q - a +3 quarterstaff of chaos (weapon)
 F - the cursed +14 obsidian axe {chop, +Fly SInv *Curse}
   (You found it on level 5 of the Dungeon)

   It inflicts extra damage upon your enemies.
   It lets you see invisible.
   It lets you fly.
   It curses itself when equipped.
   It has a curse placed upon it.
 L - a +0 hand axe of electrocution
 O - a +0 shortbow
Missiles
 o - 114 arrows
Armour
 b - a +0 plate armour (worn)
 d - a -1 pair of gloves (worn)
 r - a +0 cloak of invisibility (worn)
Jewellery
 h - an uncursed ring of flight
 I - an uncursed ring of ice
Wands
 m - a wand of polymorph (15)
 w - a wand of iceblast (10)
 D - a wand of scattershot (6)
 E - a wand of paralysis (12)
 K - a wand of clouds (6)
Scrolls
 e - 3 scrolls of blinking
 f - 2 scrolls of immolation
 g - a scroll of amnesia {unknown}
 k - 2 scrolls of identify
 l - 5 scrolls of teleportation
 u - a scroll of fog
 x - a scroll of fear
 y - a scroll of magic mapping
 C - a scroll of noise
 G - 2 scrolls of enchant armour
 H - 2 scrolls of enchant weapon {unknown}
Potions
 i - 4 potions of mutation {unknown}
 j - a potion of might {unknown}
 n - a potion of lignification {unknown}
 p - 2 potions of degeneration {unknown}
 s - 4 potions of heal wounds {unknown}
 t - 5 potions of curing
 v - 2 potions of resistance
 z - 6 potions of flight {unknown}
 A - 3 potions of haste {unknown}
 B - 2 potions of agility
 J - 2 potions of magic {unknown}
 N - a potion of ambrosia {unknown}
Comestibles
 c - 11 rations


   Skills:
 - Level 13.1 Fighting
 - Level 2.6 Axes
 + Level 2.4 Bows
 - Level 2.1 Armour
 - Level 1.5 Dodging


You had 8 spell levels left.
You didn't know any spells.
Your spell library was empty.

Dungeon Overview and Level Annotations

Branches:
Dungeon (8/15)             Temple (0/1) D:7
   Lair: D:8-11

Altars:
Cheibriados
Dithmenos
Elyvilon
Kikubaaqudgha
Makhleb
Uskayaw


Innate Abilities, Weirdness & Mutations

You are resistant to torment.
Your stone body is resilient. (AC +6)
You are immune to poison.
You resist negative energy. (rN+)
You are resistant to electric shocks. (rElec)
You can survive without breathing.
You are immune to petrification.
You are immune to rotting.


Message History

The stone arrow hits you!
You barely miss something. Something hits you!
You hit something but do no damage.
Nothing appears to happen.
Something hits you but does no damage.
You hit something but do no damage. Something hits you.
As you read the scroll of fear, it crumbles to dust.
You assume a fearsome visage.
The kobold looks frightened!
A stone arrow appears from out of thin air!
The stone arrow hits you!
You hit something but do no damage. Something hits you!
You hit something. You burn something.
A stone arrow appears from out of thin air!
The stone arrow hits you!
A stone arrow appears from out of thin air!
The stone arrow hits you!
* * * LOW HITPOINT WARNING * * *
You barely miss something.
A stone arrow appears from out of thin air!
The stone arrow hits you!
You die...

▒·▒·▒ ▒·▒·· ▒·▒·▒▒▒ ▒·▒···
▒▒▒▒▒▒▒▒·▒·▒▒▒▒▒▒▒▒▒▒
▒····(·······▒······▒
▒·▒▒▒▒▒▒·▒·▒(▒······▒
▒·▒····▒·▒†▒÷▒(·····▒···▒ ▒
▒·▒····▒·▒@{·(······'···' ·
▒·▒····▒·▒†▒(▒······▒···▒▒▒
▒·▒····▒·▒·▒·▒▒▒▒▒▒▒▒···▒
▒·▒····▒·▒·▒·▒ ▒···▒
▒·▒····▒·▒·▒·▒ ▒···▒
▒·▒····▒·▒·▒·▒▒▒▒▒▒▒▒···▒▒▒
▒·▒·▒▒·▒···················
▒^▒·▒▒·▒···················
▒·▒·▒▒·▒···················


There were no monsters in sight!

Vanquished Creatures
  Sigmund (D:2)
  Purgy (Sewer)
  2 sky beasts
  2 ogres
  A centaur (D:7)
  A bullfrog (D:6)
  A big kobold (D:7)
  4 wights (D:6)
  4 killer bees (D:7)
  2 howler monkeys (D:4)
  3 crimson imps
  Crazy Yiuf (D:2)
  3 orc priests
  2 hounds
  2 iguanas
  9 orc wizards
  5 worker ants
  3 hound skeletons
  2 worker ant zombies
  8 gnolls
  13 adders
  2 oozes
  2 adder skeletons (D:7)
  2 worms
  7 leopard geckos
  18 orcs
  12 giant cockroaches
  11 goblins
  7 hobgoblins
  11 jackals
  17 kobolds
  6 quokkas
  3 ball pythons
  7 bats
  11 frilled lizards
  12 rats
198 creatures vanquished.

Vanquished Creatures (others)
  An orc wizard (D:4)
  An orc (D:6)
2 creatures vanquished.

Grand Total: 200 creatures vanquished

Notes
Turn   | Place    | Note
-------+----------+-------------------------------------------
     0 | D:1      | Azzok the Gargoyle Berserker began the quest for the Orb.
     0 | D:1      | Reached XP level 1. HP: 14/14 MP: 1/1
   411 | D:1      | Reached XP level 2. HP: 20/20 MP: 2/2
   442 | D:1      | Reached skill level 4 in Fighting
   906 | D:1      | Reached XP level 3. HP: 22/24 MP: 3/3
  1305 | D:2      | Found a burning altar of Makhleb.
  1393 | D:2      | Reached skill level 5 in Fighting
  1393 | D:2      | Reached XP level 4. HP: 28/31 MP: 4/4
  1460 | D:2      | Reached ** piety under Trog
  1617 | D:2      | Noticed Sigmund
  1635 | D:2      | Killed Sigmund
  1635 | D:2      | Reached skill level 7 in Fighting
  1635 | D:2      | Reached XP level 5. HP: 38/38 MP: 5/5
  1635 | D:2      | Reached XP level 6. HP: 44/44 MP: 6/6
  1855 | D:2      | Found a faded altar of an unknown god.
  1973 | D:2      | Found a runed door.
  1980 | D:2      | Noticed Crazy Yiuf
  1990 | D:2      | Killed Crazy Yiuf
  2083 | D:3      | Found a snail-covered altar of Cheibriados.
  2241 | D:3      | Found a white marble altar of Elyvilon.
  2279 | D:3      | Reached skill level 8 in Fighting
  2344 | D:3      | Reached *** piety under Trog
  2513 | D:3      | Reached XP level 7. HP: 50/50 MP: 7/7
  2974 | D:3      | Reached skill level 9 in Fighting
  3285 | D:4      | Found a hide-covered altar of Uskayaw.
  3585 | D:4      | Found a glowing drain.
  3591 | D:4      | Reached **** piety under Trog
  3607 | Sewer    | Entered a sewer
  3662 | Sewer    | Noticed Purgy
  3673 | Sewer    | Killed Purgy
  3673 | Sewer    | Reached skill level 10 in Fighting
  3673 | Sewer    | Reached XP level 8. HP: 57/57 MP: 8/8
  4449 | D:5      | Entered Level 5 of the Dungeon
  4519 | D:5      | Found the cursed +14 obsidian axe {chop, +Fly SInv *Curse}
  4691 | D:5      | Reached skill level 11 in Fighting
  5299 | D:6      | Found an ancient bone altar of Kikubaaqudgha.
  5584 | D:6      | Reached skill level 12 in Fighting
  5781 | D:6      | Reached XP level 9. HP: 65/65 MP: 9/9
  5991 | D:7      | Found a staircase to the Ecumenical Temple.
  6083 | D:7      | Found a shadowy altar of Dithmenos.
  6151 | D:7      | Reached ***** piety under Trog
  6151 | D:7      | Reached skill level 13 in Fighting
  6177 | D:7      | Reached skill level 1 in Bows
  6389 | D:7      | Noticed a gargoyle
  6635 | D:7      | Killed from afar by a gargoyle

Vault maps used:
D:1:      dpeg_arrival_lava_altar
D:2:      makhleb_grotto_becter, chequers_ecumenical_altar_lobes,
          uniq_crazy_yiuf_cottage, uniq_sigmund
D:3:      elyvilon_altar_1, cheibriados_altar_1
D:4:      kennysheep_mini, gup_sewer_entry_pipe, minmay_cupped
D:5:      first_ration
D:6:      basic_altar
D:7:      minmay_temple_entry_mist, grunt_dithmenos_smoke_and_mirrors
D:8:      nemelex_xobeh_ov_fountains_minmay, hangedman_pestilent_swarm
Sewer:    sewer_co_purgy_island

Skill      XL: |  1  2  3  4  5  6  7  8  9 |
---------------+----------------------------+-----
Fighting       | 4 5 7 8 10 12 13 | 13.1
Bows           | 2 |  2.4
Axes           | |  2.6
Armour         | |  2.1
Dodging        | |  1.5

Action                   |  1- 3 |  4- 6 |  7- 9 || total
-------------------------+-------+-------+-------++-------
Melee: Hand axe          |   160 |    96 |       ||   256
       Quarterstaff      |       |    51 |   440 ||   491
Invok: Berserk           |     1 |     5 |     6 ||    12
  Use: Scroll            |       |       |    11 ||    11
 Stab: Petrified         |       |       |     1 ||     1
       Paralysed         |       |       |     4 ||     4
  Eat: Chunk             |     2 |     8 |    18 ||    28
Armor: Chain mail        |    34 |       |       ||    34
       Animal skin       |     2 |       |       ||     2
       Plate armour      |    70 |   167 |   409 ||   646
Dodge: Dodged            |    56 |    78 |   166 ||   300

Table legend:
 A = Spawn XP
 B = Non-spawn XP
 C = Spawn XP percentage of total XP
 D = Spawn monster count
 E = Non-spawn monster count
 F = Spawn count percentage of total count
 G = Total turns spent on level
                    A         B        C        D         E        F      G
               +---------+---------+-------+---------+---------+-------+---------
         Total |       0 |    3340 |   0.0 |       0 |     199 |   0.0 |  6635
               +---------+---------+-------+---------+---------+-------+---------
           D:1 |       0 |      37 |   0.0 |       0 |      24 |   0.0 |  1246
           D:2 |       0 |     437 |   0.0 |       0 |      32 |   0.0 |   944
           D:3 |       0 |     317 |   0.0 |       0 |      29 |   0.0 |   935
           D:4 |       0 |     499 |   0.0 |       0 |      44 |   0.0 |  1154
           D:5 |       0 |     420 |   0.0 |       0 |      14 |   0.0 |   735
           D:6 |       0 |     495 |   0.0 |       0 |      18 |   0.0 |   724
           D:7 |       0 |     973 |   0.0 |       0 |      29 |   0.0 |   524
           D:8 |       0 |       2 |   0.0 |       0 |       1 |   0.0 |   203
         Sewer |       0 |     160 |   0.0 |       0 |       8 |   0.0 |   170
               +---------+---------+-------+---------+---------+-------+---------
